Cogmind - Beta 17 @@@ ROGUE MODE // 2026.07.10 @ 03:01:48 Player: rz Result: Destroyed by Y-64 Sentinel with KE Penetrator Performance ------------- Evolutions (5) 2500 Regions Visited (9) 1800 Robots Destroyed (131) 655 Value Destroyed (5128) 5128 Prototype IDs (26) 520 Alien Tech Used (0) 0 Bonus (697) 697 TOTAL SCORE: 11300 Bonus ------- High Alert Combat Kills 397 Aligned with FarCom 300 Cogmind --------- Core Integrity 0/1000 Matter 0/300 Energy 99/100 System Corruption 15% Temperature Cool (0) Movement Core (50) Location -5/Factory Parts ------- > --- POWER (1) -------- (None) > --- PROPULSION (4) --- (None) > --- UTILITY (5) ------ 0b10 Alert Chip > --- WEAPON (7) ------- (None) > --- INVENTORY (5) ---- Light Treads Heavy Treads Improved Heat Sink Core Analyzer Peak State ------------ > --- POWER ------------ Enhanced Fission Core > --- PROPULSION ------- Advanced Treads Advanced Treads Advanced Treads Medium Treads > --- UTILITY ---------- Coolant Injector Huge Storage Unit Target Analyzer Improved Weapon Cycler Improved Medium Armor Plating > --- WEAPON ----------- Gauss Rifle Gauss Rifle Gauss Rifle Coil Gun Heavy Machine Gun KE Penetrator Rocket Array > --- INVENTORY -------- Enhanced Fission Core Enhanced Fission Core Light Treads Light Treads Light Treads Advanced Treads Advanced Treads Medium Treads Heavy Treads Improved Heat Sink Improved Heat Sink Advanced Heat Sink Advanced Cooling System High-capacity Matter Pod Matter Compressor 0b10 Alert Chip Core Analyzer Focal Shield Component Analysis Suite Long-range Tractor Beam Long-range Tractor Beam Light Assault Rifle Autogun Rocket Array [Rating: 81] Favorites ----------- Power Light Deuterium Engine Engine Light Deuterium Engine Power Core Enhanced Fission Core Propulsion Light Treads Treads Light Treads Utility Huge Storage Unit Device Coolant Injector Storage Huge Storage Unit Processor Target Analyzer Protection Light Armor Plating Weapon Light Assault Rifle Energy Gun Small Laser Ballistic Gun Light Assault Rifle Ballistic Cannon Light Cannon Launcher Rocket Array Build | -11 -10 -9 -9 -9 -8 -8 -7 -6 -5 ------- Run | Yrd Mat Mat Min Exi Min Mat Fac Fac Fac Slots Evolved 10 | . . 2 . . . 2 2 2 2 Power . | . . . . . . . . . . Propulsion 2 | . . . . . . 1 1 . . Utility 3 | . . . . . . 1 . 1 1 Weapon 5 | . . 2 . . . . 1 1 1 Parts Attached 68 | 6 1 6 5 . . 4 10 18 18 Power 7 | 1 . 1 1 . . . . 1 3 Engine 4 | 1 . 1 1 . . . . 1 . Core 3 | . . . . . . . . . 3 Reactor . | . . . . . . . . . . Propulsion 16 | 2 . . . . . 1 4 8 1 Treads 16 | 2 . . . . . 1 4 8 1 Leg . | . . . . . . . . . . Wheel . | . . . . . . . . . . Hover . | . . . . . . . . . . Flight . | . . . . . . . . . . Utility 19 | 1 1 2 1 . . 3 2 4 5 Device 7 | . . . . . . 1 1 3 2 Storage 4 | 1 1 1 1 . . . . . . Processor 3 | . . . . . . 1 . 1 1 Hackware . | . . . . . . . . . . Protection 5 | . . 1 . . . 1 1 . 2 Artifact . | . . . . . . . . . . Weapon 26 | 2 . 3 3 . . . 4 5 9 Energy Gun 1 | 1 . . . . . . . . . Energy Cannon . | . . . . . . . . . . Ballistic Gun 20 | 1 . 3 3 . . . 4 3 6 Ballistic Cannon 1 | . . . . . . . . 1 . Launcher 4 | . . . . . . . . 1 3 Special Weapon . | . . . . . . . . . . Impact Weapon . | . . . . . . . . . . Slashing Weapon . | . . . . . . . . . . Piercing Weapon . | . . . . . . . . . . Special Melee Weapon . | . . . . . . . . . . Unidentified Prototypes 3 | . . . . . . . . . 3 Parts Lost 33 | . . . 1 . . 1 8 4 19 Power 1 | . . . . . . . . 1 . Propulsion 8 | . . . . . . . 3 1 4 Utility 5 | . . . . . . 1 2 . 2 Weapon 19 | . . . 1 . . . 3 2 13 Highest Loss Streak 16 | . . . 1 . . 1 2 2 16 To Critical Strikes . | . . . . . . . . . . Average Backups 19 | . 3 7 15 16 17 18 20 22 23 Power 2 | . 1 1 2 2 2 2 3 2 1 Propulsion 4 | . . 1 3 3 3 3 5 4 7 Utility 8 | . . 2 4 5 6 6 7 11 11 Weapon 4 | . 1 2 5 6 6 6 4 3 2 Tool/Special . | . . . . . . . . . . Unused Backups 20 | . 1 . 1 . . . . 3 15 Power 2 | . . . . . . . . . 2 Propulsion 4 | . . . . . . . . . 4 Utility 11 | . . . . . . . . 2 9 Weapon 3 | . 1 . 1 . . . . 1 . Tool/Special . | . . . . . . . . . . Average Slot Usage (%) 97 | . 85 89 100 100 100 99 98 98 96 Engine 7 | . 14 11 11 11 11 9 7 6 2 Treads 24 | . 28 22 22 22 22 27 29 26 22 Device 4 | . . . . . . 4 1 6 10 Storage 7 | . 14 11 11 11 11 9 7 6 4 Processor 5 | . . . . . . 4 7 12 5 Protection 5 | . . 4 11 11 11 8 5 . 4 Ballistic Gun 38 | . 14 34 44 44 44 36 37 36 37 Peak Build Rating 81 | 6 7 13 16 16 16 21 25 55 81 Average Rating 36 | 4 6 10 14 15 16 19 21 41 69 On Entrance 17 | . 6 6 13 15 16 16 21 25 55 Avg Prop Armor Cover (%) 3 | . . . . . . . 5 . 3 Naked Turns 1 | . . . . . . . . . 1 Heaviest Build 136 | 13 33 39 98 96 96 97 97 110 136 Greatest Support 94 | 40 40 40 40 40 40 60 80 94 94 Greatest Overweight (x) 2 | . . . 2 2 2 1 1 1 2 Average Overweight (x) . | . . . . 2 2 1 1 1 . Largest Inventory Capacity 25 | 8 15 15 25 25 25 25 25 25 25 Average Capacity 23 | 7 9 15 20 25 25 25 25 25 24 Most Carried 25 | 1 6 14 16 17 17 24 23 25 25 Average Carried 19 | . 3 7 15 16 17 18 20 22 23 Final Capacity 25 | 8 15 15 25 25 25 25 25 25 5 Final Carried 25 | 1 6 14 16 17 17 24 19 25 5 Class Distribution -------------------- 39% | Scavenger-Executioner 22% | Scavenger-Skirmisher 15% | Scavenger-Tank 9% | Executioner 5% | Mutant 4% | Tank Dominant Class ---------------- Mutant | -10/Materials Gunner | -9/Materials Scavenger-Tank | -9/Mines Scavenger-Tank | -9/Exiles Scavenger-Skirmisher | -8/Mines Scavenger-Skirmisher | -8/Materials Scavenger-Skirmisher | -7/Factory Scavenger-Executioner | -6/Factory Scavenger-Executioner | -5/Factory Resources | -11 -10 -9 -9 -9 -8 -8 -7 -6 -5 ----------- Run | Yrd Mat Mat Min Exi Min Mat Fac Fac Fac Matter Collected 4534 | 208 76 548 319 . 16 267 216 1173 1711 Remotely 1099 | . . . . . . . . 583 516 Salvage Created 5703 | . 135 683 457 . 41 817 542 1165 1863 Parts 276 | . 7 40 30 . 5 37 32 51 74 Haulers Intercepted 11 | . . 2 . . . 3 . 2 4 Recyclers Shooed 1 | . . . . . . . 1 . . Parts Field Recycled . | . . . . . . . . . . Retrieved Matter . | . . . . . . . . . . Parts Self-Destructed . | . . . . . . . . . . Prevented . | . . . . . . . . . . Parts Restored . | . . . . . . . . . . Kills | -11 -10 -9 -9 -9 -8 -8 -7 -6 -5 ------- Run | Yrd Mat Mat Min Exi Min Mat Fac Fac Fac Combat Hostiles Destroyed 109 | . 3 12 15 . 3 8 11 19 38 Guns 87 | . 3 12 15 . 3 8 11 16 19 AOE 22 | . . . . . . . . 3 19 Classes Destroyed 17 | . 1 5 3 . . 1 1 2 4 Worker 3 | . . 1 . . . 1 . . 1 Tunneler 1 | . . . . . . . . . 1 Hauler 11 | . . 2 . . . 3 . 2 4 Recycler 5 | . . 2 . . . 2 1 . . Carrier 1 | . . . . . . 1 . . . Operator 1 | . . . . . . . . 1 . Swarmer 28 | . . 4 6 . 3 . 3 3 9 Grunt 42 | . 3 6 4 . . 4 3 7 15 Brawler 4 | . . . 1 . . 1 . . 2 Duelist 3 | . . . 2 . . . 1 . . Protector 1 | . . . . . . . . . 1 Sentry 12 | . . 2 . . . 3 2 4 1 Demolisher 2 | . . . 2 . . . . . . Specialist 2 | . . . . . . . . 2 . Hunter 1 | . . . . . . . . . 1 Programmer 13 | . . . . . . . 2 3 8 Heavy 1 | . . . . . . . . . 1 Best Kill Streak 11 | . 2 9 4 . 3 6 3 11 9 Combat Bots Only 11 | . 2 6 4 . 3 3 3 11 9 Max Kills in Single Turn 5 | . 1 2 2 . 2 3 1 3 5 Gunslinging 1 | . . 1 1 . 1 . . 1 1 Exploded 5 | . . . . . . . . 2 5 Melee . | . . . . . . . . . . Uniques/NPCs Destroyed . | . . . . . . . . . . Combat | -11 -10 -9 -9 -9 -8 -8 -7 -6 -5 -------- Run | Yrd Mat Mat Min Exi Min Mat Fac Fac Fac Hostile Shots Fired 508 | . 10 31 34 . 5 27 76 140 185 Missed 163 | . 3 8 10 . 1 7 29 53 52 Hits 345 | . 7 23 24 . 4 20 47 87 133 Melee 4 | . . . 1 . . . 2 . 1 Projectile 341 | . 7 23 23 . 4 20 45 87 132 AOE 4 | . . . 4 . . . . . . Critical Strikes 14 | . . 1 . . . 1 2 1 9 Part Disruptions 2 | . . . . . . . 1 . 1 Damage Taken 6596 | . 96 266 418 . 29 379 647 1228 3533 Core 1334 | . 41 11 42 . . 12 110 100 1018 Absorbed by Shields . | . . . . . . . . . . Core Remaining (%) 89 | 100 83 . . . 86 97 84 88 . Volleys Fired 227 | . 8 30 21 . 3 28 30 43 64 Largest 7 | . 2 4 4 . 4 4 5 6 7 Hottest 222 | . 60 103 89 . 86 86 108 156 222 Shots Fired 1051 | . 16 120 84 . 12 112 147 231 329 Gun 1025 | . 16 120 84 . 12 112 147 219 315 Cannon 7 | . . . . . . . . 7 . Launcher 19 | . . . . . . . . 5 14 Special . | . . . . . . . . . . Kinetic 1006 | . 8 102 84 . 12 112 147 226 315 Thermal 26 | . 8 18 . . . . . . . Explosive 19 | . . . . . . . . 5 14 Electromagnetic . | . . . . . . . . . . Robot Hit Streak 23 | . 4 20 8 . 6 12 23 19 23 Robot Miss Streak 4 | . 1 4 3 . 1 4 3 4 4 Penetration Max 2 | . . . . . . . . 1 2 Secondary Targets 21 | . . 5 6 . 1 . 4 3 2 Max Gunslinging Chain 2 | . . 2 2 . 1 . 1 2 1 Shots Hit Robots 649 | . 9 68 51 . 4 84 106 137 190 Core Hits 346 | . 7 32 25 . 3 29 46 73 131 Critical Kills 17 | . . 1 . . . 2 1 4 9 Critical Parts Destroyed 20 | . . 1 . . . 2 4 6 7 Critical Strikes 42 | . . 2 . . . 5 5 11 19 Destroy 41 | . . 2 . . . 5 5 10 19 Blast 1 | . . . . . . . . 1 . Melee Attacks . | . . . . . . . . . . Impact . | . . . . . . . . . . Slashing . | . . . . . . . . . . Piercing . | . . . . . . . . . . Sneak Attacks . | . . . . . . . . . . Combat Hostiles . | . . . . . . . . . . Follow-up Attacks . | . . . . . . . . . . Damage Inflicted 12629 | . 110 856 662 . 42 1027 1041 2345 6546 Guns 9286 | . 110 856 662 . 42 1027 951 1892 3746 Cannons 50 | . . . . . . . . 50 . Explosions 3284 | . . . . . . . 90 403 2791 Melee . | . . . . . . . . . . Ramming 9 | . . . . . . . . . 9 Kinetic 9109 | . 54 685 662 . 42 1027 951 1942 3746 Thermal 428 | . 56 171 . . . . . . 201 Explosive 3083 | . . . . . . . 90 403 2590 Electromagnetic . | . . . . . . . . . . Impact . | . . . . . . . . . . Slashing . | . . . . . . . . . . Piercing . | . . . . . . . . . . Highest Corruption 15 | . 1 . . . . . 1 . 15 Average Corruption 8 | . 1 . . . . . 1 . 10 Corruption Purged . | . . . . . . . . . . Corruption Blocked . | . . . . . . . . . . Effects 69 | . 2 . . . . . . . 67 Message Errors 10 | . . . . . . . . . 10 Matter Fused 14 | . . . . . . . . . 14 Heat Flow Errors 9 | . . . . . . . . . 9 Energy Discharges 12 | . 1 . . . . . . . 11 Parts Fused 1 | . . . . . . . . . 1 Data Loss (minor) 14 | . 1 . . . . . . . 13 Data Loss (major) 4 | . . . . . . . . . 4 Misfires 2 | . . . . . . . . . 2 Weapon Failures 3 | . . . . . . . . . 3 Overload Shots . | . . . . . . . . . . Overflow Damage 258 | . . . . . . . . 105 153 Projectiles . | . . . . . . . . . . Explosions 258 | . . . . . . . . 105 153 Melee . | . . . . . . . . . . Knockbacks . | . . . . . . . . . . Impact . | . . . . . . . . . . Kinetic . | . . . . . . . . . . Secondary . | . . . . . . . . . . Self-Inflicted Damage 426 | . . . . . . . . 110 316 Shots 12 | . . . . . . . . 1 11 Rammed 1 | . . . . . . . . . 1 Targets Rammed 1 | . . . . . . . . . 1 Kicked . | . . . . . . . . . . Crushed . | . . . . . . . . . . Highest Temperature 246 | . 18 246 196 . 54 162 237 194 201 Average Temperature 80 | . 13 87 62 . 25 45 83 84 96 Received Heat Transfer 1095 | . 51 129 78 . . 153 114 336 234 Effects 1 | . . . . . . . 1 . . Energy Bleed 1 | . . . . . . . 1 . . Siege Activations . | . . . . . . . . . . Martial Activations . | . . . . . . . . . . Shielding Activations . | . . . . . . . . . . Robots Disrupted . | . . . . . . . . . . Combat Hostiles . | . . . . . . . . . . Robots Corrupted . | . . . . . . . . . . Combat Hostiles . | . . . . . . . . . . Parts Fried . | . . . . . . . . . . Impact Corruptions . | . . . . . . . . . . Robots Melted . | . . . . . . . . . . Combat Hostiles . | . . . . . . . . . . Parts Melted . | . . . . . . . . . . Heat Transferred 600 | . 125 375 . . . . . . 100 Parts Sabotaged . | . . . . . . . . . . Parts Stolen . | . . . . . . . . . . Parts Stripped . | . . . . . . . . . . Power Chain Reactions . | . . . . . . . . . . Alert | -11 -10 -9 -9 -9 -8 -8 -7 -6 -5 ------- Run | Yrd Mat Mat Min Exi Min Mat Fac Fac Fac Maximum Alert Level 3 | . . . . . . . 1 1 3 Low Security (%) 79 | 100 100 100 100 . 100 100 71 74 62 Level 1 10 | . . . . . . . 28 25 5 Level 2 6 | . . . . . . . . . 20 Level 3 3 | . . . . . . . . . 11 Level 4 . | . . . . . . . . . . Level 5 . | . . . . . . . . . . High Security . | . . . . . . . . . . Max Security . | . . . . . . . . . . Peak Influence 991 | . 61 190 160 . 70 95 244 285 991 Initial 92 | . . . 70 . . 11 32 92 78 Average 127 | . 17 63 50 . 7 31 86 135 244 Influence Increases 3792 | . 81 320 351 . 70 277 476 609 1608 Destroy 0b10 Robot/C 2180 | . 60 240 300 . 60 180 220 380 740 Destroy 0b10 Robot/NC 110 | . . 25 . . . 30 5 15 35 Destroy Leader 502 | . 20 54 50 . 10 66 60 94 148 Allied During Kill 1 | . . . 1 . . . . . . Disable Machine 360 | . . . . . . . 135 75 150 Destroy Structure 537 | . 1 1 . . . 1 41 45 448 Lose Combat Pursuer 102 | . . . . . . . 15 . 87 Influence Decreases 2801 | . 80 141 531 . 40 236 358 638 777 Entered New Map 348 | . . 1 110 . . 19 39 97 82 Time Decay 2123 | . 80 140 391 . 40 207 249 501 515 Lost Part 310 | . . . 10 . . 10 70 40 180 Lost Ally 20 | . . . 20 . . . . . . Squads Dispatched 28 | . 1 1 1 . . 1 3 11 10 Investigation . | . . . . . . . . . . Extermination 10 | . . . . . . . 2 3 5 Reinforcement 12 | . 1 1 . . . 1 1 5 3 Assault 2 | . . . 1 . . . . . 1 Garrison 4 | . . . . . . . . 3 1 Intercept . | . . . . . . . . . . Searches Triggered . | . . . . . . . . . . Construction Impeded 1 | . . . . . . . 1 . . Haulers Reinforced . | . . . . . . . . . . Active Scanning Responses . | . . . . . . . . . . Cargo Convoy Interrupts . | . . . . . . . . . . Stealth | -11 -10 -9 -9 -9 -8 -8 -7 -6 -5 --------- Run | Yrd Mat Mat Min Exi Min Mat Fac Fac Fac Distress Signals 4 | . . 2 . . . 1 . . 1 Communications Jammed . | . . . . . . . . . . Distress Signals . | . . . . . . . . . . Times Spotted 137 | . 4 21 14 . 3 11 12 25 47 Peak Tracking Total 9 | . 3 6 4 . 3 5 4 6 9 Tactical Retreats 5 | . . . . . . . 1 . 4 Traps | -11 -10 -9 -9 -9 -8 -8 -7 -6 -5 ------- Run | Yrd Mat Mat Min Exi Min Mat Fac Fac Fac Traps Triggered 6 | . . . . . . . 1 1 4 Indirectly . | . . . . . . . . . . Trap Hack Attempts . | . . . . . . . . . . Triggered . | . . . . . . . . . . Disarmed . | . . . . . . . . . . Reprogrammed . | . . . . . . . . . . Reused . | . . . . . . . . . . Traps Extracted . | . . . . . . . . . . Installed . | . . . . . . . . . . Triggered . | . . . . . . . . . . Machines | -11 -10 -9 -9 -9 -8 -8 -7 -6 -5 ---------- Run | Yrd Mat Mat Min Exi Min Mat Fac Fac Fac Machines Disabled 24 | . . . . . . . 9 5 10 Max in Single Turn 3 | . . . . . . . 3 3 3 Machines Repaired . | . . . . . . . . . . Machines Dismantled . | . . . . . . . . . . Machines Sabotaged . | . . . . . . . . . . Overloaded Fab Kills . | . . . . . . . . . . Hacking | -11 -10 -9 -9 -9 -8 -8 -7 -6 -5 --------- Run | Yrd Mat Mat Min Exi Min Mat Fac Fac Fac Machines Accessed 10 | . 2 . . 4 . 1 1 1 1 Terminals . | . . . . . . . . . . Fabricators . | . . . . . . . . . . Repair Stations . | . . . . . . . . . . Recycling Units 4 | . 2 . . . . . 1 1 . Scanalyzers 2 | . . . . . . 1 . . 1 Garrison Access . | . . . . . . . . . . Total Hacks 43 | . 6 . . 27 . 3 2 2 3 Successful 33 | . 2 . . 27 . 3 . 1 . Failed 10 | . 4 . . . . . 2 1 3 Catastrophic 1 | . . . . . . . . . 1 Database Lockouts . | . . . . . . . . . . Manual 1 | . . . . 1 . . . . . Terminals . | . . . . . . . . . . Fabricators . | . . . . . . . . . . Repair Stations . | . . . . . . . . . . Recycling Units 10 | . 6 . . . . . 2 2 . Scanalyzers 6 | . . . . . . 3 . . 3 Garrison Access . | . . . . . . . . . . Terminal Hacks 27 | . . . . 27 . . . . . Record 26 | . . . . 26 . . . . . Proto ID Catalog 1 | . . . . 1 . . . . . Fabricator Hacks . | . . . . . . . . . . Repair Station Hacks . | . . . . . . . . . . Recycling Unit Hacks 3 | . 2 . . . . . . 1 . Retrieve Components 3 | . 2 . . . . . . 1 . Scanalyzer 3 | . . . . . . 3 . . . Retrieve Study 3 | . . . . . . 3 . . . Garrison Access Hacks . | . . . . . . . . . . Unauthorized Hacks . | . . . . . . . . . . Terminals . | . . . . . . . . . . Fabricators . | . . . . . . . . . . Repair Stations . | . . . . . . . . . . Recycling Units . | . . . . . . . . . . Scanalyzers . | . . . . . . . . . . Garrison Access . | . . . . . . . . . . Data Cores Recovered . | . . . . . . . . . . Used . | . . . . . . . . . . Hacking Detections 4 | . 2 . . . . . 1 . 1 Full Trace Events 1 | . 1 . . . . . . . . Feedback Events 1 | . 1 . . . . . . . . Corruption 1 | . 1 . . . . . . . . Feedback Blocked . | . . . . . . . . . . Robot Schematics Acquired . | . . . . . . . . . . Robots Built . | . . . . . . . . . . Authchips . | . . . . . . . . . . Time . | . . . . . . . . . . Total Robot Build Rating . | . . . . . . . . . . Part Schematics Acquired . | . . . . . . . . . . Parts Built . | . . . . . . . . . . Authchips . | . . . . . . . . . . Time . | . . . . . . . . . . Total Part Build Rating . | . . . . . . . . . . Part Studies Acquired 3 | . . . . . . 3 . . . Parts Repaired . | . . . . . . . . . . Time . | . . . . . . . . . . Parts Recycled . | . . . . . . . . . . Recycled Matter . | . . . . . . . . . . Retrieved Matter . | . . . . . . . . . . Retrieved Components 9 | . 3 . . . . . . 6 . Parts Scanalyzed . | . . . . . . . . . . Part Schematics Acquired . | . . . . . . . . . . Parts Damaged . | . . . . . . . . . . Bothacking | -11 -10 -9 -9 -9 -8 -8 -7 -6 -5 ------------ Run | Yrd Mat Mat Min Exi Min Mat Fac Fac Fac Used RIF Installer . | . . . . . . . . . . Robots Hacked . | . . . . . . . . . . Non-combat . | . . . . . . . . . . Combat . | . . . . . . . . . . Robot Hacks Applied . | . . . . . . . . . . Relay Couplers Released . | . . . . . . . . . . Fabnet Peak Effective % . | . . . . . . . . . . Robots Rewired . | . . . . . . . . . . Allies Hacked . | . . . . . . . . . . Hacks Repelled . | . . . . . . . . . . Allies | -11 -10 -9 -9 -9 -8 -8 -7 -6 -5 -------- Run | Yrd Mat Mat Min Exi Min Mat Fac Fac Fac Total Allies 1 | . . . 1 . . . . . . Largest Group 1 | . . . 1 . . . . . . Highest-Rated Group 31 | . . . 31 . . . . . . Highest-Rated Ally 31 | . . . 31 . . . . . . Total Orders . | . . . . . . . . . . Ally Attacks 7 | . . . 7 . . . . . . Total Damage 86 | . . . 86 . . . . . . Kills . | . . . . . . . . . . Allies Corrupted . | . . . . . . . . . . Allies Melted . | . . . . . . . . . . Intel | -11 -10 -9 -9 -9 -8 -8 -7 -6 -5 ------- Run | Yrd Mat Mat Min Exi Min Mat Fac Fac Fac Active Infowar (turns) . | . . . . . . . . . . Robot Analysis Total . | . . . . . . . . . . Derelict Logs Recovered 1 | . . . 1 . . . . . . Drone Launches . | . . . . . . . . . . Drone Recoveries . | . . . . . . . . . . Exploration | -11 -10 -9 -9 -9 -8 -8 -7 -6 -5 ------------- Run | Yrd Mat Mat Min Exi Min Mat Fac Fac Fac Turns Passed 9810 | 68 297 358 1115 776 718 686 850 2210 2732 Spaces Moved 3551 | 40 133 125 452 243 216 218 282 690 1152 Core 170 | 4 . . . . . . . . 166 Treads 3381 | 36 133 125 452 243 216 218 282 690 986 Legs . | . . . . . . . . . . Wheels . | . . . . . . . . . . Hover . | . . . . . . . . . . Flight . | . . . . . . . . . . Fastest Speed 50 | 50 160 160 160 320 320 240 240 228 50 Average Speed 228 | 149 160 160 225 320 320 240 240 236 202 Slowest Speed 320 | 160 160 160 320 320 320 240 240 240 305 Overloaded Moves . | . . . . . . . . . . Propulsion Burnouts . | . . . . . . . . . . Robots Hopped . | . . . . . . . . . . Potential Cave-ins . | . . . . . . . . . . Cave-ins Triggered . | . . . . . . . . . . Exploration Rate (%) 33 | 3 33 15 84 43 61 20 11 23 37 Regions Visited 9 Branch Regions 3 Pre-discovered Areas . | . . . . . . . . . . Known Exits Taken 1 | . . . . . 1 . . . . Unknown Exits Taken 8 | 1 1 1 1 1 . 1 1 1 . Scrap Searched 3 | . . . 3 . . . . . . Spaces Dug 6 | . . . . . . . . . 6 Terrain Destroyed 387 | . . . . . . . 37 53 297 Melee . | . . . . . . . . . . Projectile 20 | . . . . . . . . 3 17 AOE 365 | . . . . . . . 37 50 278 Terrain Rammed . | . . . . . . . . . . Walls Destroyed . | . . . . . . . . . . Machines Disabled . | . . . . . . . . . . Actions | -11 -10 -9 -9 -9 -8 -8 -7 -6 -5 --------- Run | Yrd Mat Mat Min Exi Min Mat Fac Fac Fac Total 4776 | 46 202 214 507 243 238 322 399 1175 1430 Wait 818 | . 53 41 18 . 20 64 74 395 153 Move 3542 | 39 132 124 451 242 215 217 281 689 1152 Hop . | . . . . . . . . . . Pick Up 64 | 1 6 9 6 1 . 9 4 14 14 Fast Attach 22 | 6 1 3 1 . . 1 1 4 5 Attach 32 | . . 3 1 . . 2 9 5 12 Detach 3 | . . 1 . . . . . 2 . Swap 33 | . . 1 3 . . 1 . 14 14 Drop 34 | . 2 2 6 . . . . 9 15 Fire 227 | . 8 30 21 . 3 28 30 43 64 Melee . | . . . . . . . . . . Ram 1 | . . . . . . . . . 1 Kick . | . . . . . . . . . . Crush . | . . . . . . . . . . Escape Stasis . | . . . . . . . . . . Rewire . | . . . . . . . . . . Trap . | . . . . . . . . . . Miscellaneous . | . . . . . . . . . . Route ------- -11/Scrapyard -10/Materials -9/Materials -9/Mines (discovered 3 exits: *Mat x2 / *Exi) -9/Exiles -8/Mines -8/Materials -7/Factory -6/Factory -5/Factory History --------- Turn | Location | Event 8 | -11/Scrapyard | Discovered new exit (range 15) 69 | -11/Scrapyard | Entered Materials 274 | -10/Materials | Discovered new exit (range 16) 310 | -10/Materials | Build established: Mutant 366 | -10/Materials | Entered another Materials area 366 | -9/Materials | Evolved 2 slots: Weapon x2 663 | -9/Materials | Discovered new exit (range 12) 724 | -9/Materials | Entered Mines 725 | -9/Mines | Assembled infested the area 757 | -9/Mines | Discovered new exit (range 6) 832 | -9/Mines | Found a Scrap Suit stashed away for nefarious purposes 878 | -9/Mines | Build established: Tank 880 | -9/Mines | Identified exit to Materials 965 | -9/Mines | Received a Rocket Launcher from a helpful Derelict 1349 | -9/Mines | Build established: Scavenger-Tank 1420 | -9/Mines | Met a Derelict testing a Signal Generator 1823 | -9/Mines | Deemed a non-threat by the Exiles lab entrance 1823 | -9/Mines | Discovered new exit (range 5) 1839 | -9/Mines | Entered Exiles 1916 | -9/Exiles | Met 8R-AWN 1974 | -9/Exiles | Met EX-HEX 2063 | -9/Exiles | Met EX-BIN 2111 | -9/Exiles | Aligned with FarCom system 2115 | -9/Exiles | Given EX-Vault access code 2275 | -9/Exiles | Opened EX-Vault 2294 | -9/Exiles | Found 0b10 Alert Chip 2352 | -9/Exiles | Warned to stay clear of 0b10 Research branches 2570 | -9/Exiles | Discovered new exit (range 14) 2615 | -9/Exiles | Left Exiles lab with 0b10 Alert Chip 2615 | -9/Exiles | Entered Mines 2907 | -8/Mines | Build established: Scavenger-Skirmisher 3307 | -8/Mines | Discovered exit to Materials (range 7) 3333 | -8/Mines | Entered Materials 3333 | -8/Materials | Evolved 2 slots: Propulsion x1, Utility x1 3981 | -8/Materials | Discovered new exit (range 16) 4019 | -8/Materials | Entered Factory 4019 | -7/Factory | Evolved 2 slots: Propulsion x1, Weapon x1 4787 | -7/Factory | Discovered new exit (range 16) 4869 | -7/Factory | Entered another Factory area 4869 | -6/Factory | Evolved 2 slots: Utility x1, Weapon x1 5161 | -6/Factory | Build established: Scavenger-Executioner 5675 | -6/Factory | Garrison activated, responded to threat 5752 | -6/Factory | Destroyed 11 combat bots 6999 | -6/Factory | Discovered new exit (range 8) 7079 | -6/Factory | Entered another Factory area 7079 | -5/Factory | Evolved 2 slots: Utility x1, Weapon x1 7641 | -5/Factory | Found Prototype Launcher 7641 | -5/Factory | Identified Rocket Array 7654 | -5/Factory | Found Rocket Array 8666 | -5/Factory | System corruption reached 10% 9073 | -5/Factory | Build established: Executioner 9179 | -5/Factory | First assault squad dispatched 9422 | -5/Factory | Garrison activated, responded to threat 9719 | -5/Factory | Core integrity fell below 50% 9723 | -5/Factory | Released all parts (5) 9742 | -5/Factory | Destroyed 9 combat bots 9751 | -5/Factory | Core integrity fell below 20% 9759 | -5/Factory | Lost 16 parts (4n2u10w) 9811 | -5/Factory | Destroyed by Y-64 Sentinel with KE Penetrator Last Messages --------------- 09726_ System corrupted: Matter fused (-7). 09726_ The unstable cave ceiling collapses. 09726_ Acquired Rocket Array. 09728_ K-01 Serf collects debris. 09728_ Rocket Array destroyed. 09736_ The unstable cave ceiling collapses. 09736_ K-01 Serf collects debris. 09737_ The unstable cave ceiling collapses. 09737_ Imp. Weapon Cycler crushed. 09741_ System corrupted: Matter fused (-6). 09757_ ALERT: Potential suspicious activity detected, Programmers report to Factory Zone 6R. 09773_ System corrupted: Component data lost. 09780_ Slammed into S-27 Virus. 09787_ U-05 Engineer works on Subcomponent Replicator. 09789_ K-01 Serf collects debris. 09807_ System corrupted: Matter fused (-4). 09811_ Penetrated by Slug. Map ----- +----------------------------------------------------+ | ??????????# # """" ?????????? | | ??????????# # """" ?????????? | | ??????????#!! #? """"??????????? | | ??????????#!= #? ??????????? | | ??????????# #?? ! ?????????? | | ??????????# #??######????????? | | ??????????# ##########???????? | | ?????###### # == ???????? | | ?? # == ! = ???????? | | ????####### s# ????????? | | ??????????# # """ ""?????????? | | ??????????+ + """ ""?????????? | | ??????????# # """ ""?????????? | | ??????????# # #??????? | | ??????????# # ! #??????? | | ??????????# #############????? | | ??????????# ### ! [#????? | | ??????????# + " " #????? | | ??????????# ######### ""G"" #????? | | ??????????# ????????#! #????? | | ??????????# ????????#####+#####????? | | ??????????????????????# #??????? | | ??????????????######### #??????? | | ????????????? " #??????? | | ??????????????######### #??????? | | ??????????????????????# @ #??????? | | ??????????????????????### ###??????? | | ????????????????????????# #????????? | | ????????????????????????# #????????? | | ????????????????????????# #????????? | | ????????????????????????# #????????? | | ????????????????????????# #????????? | | ????????????????????????# #????????? | | ????????????????????????# #????????? | | ????????????????????????# ?????????? | | ????????????????????????? ?????????? | | ????????????????????????? ?????????? | | ?????????????????????????Y?????????? | | ????????????????????????sss????????? | | ????????????????????????? ?????????? | | ?????????????????????????s?????????? | | ???????????????????????????????????? | | ??????????????????????????s????????? | | ???????????????????????????????????? | | ???????????????????????????????????? | | ???????????????????????????????????? | | ???????????????????????????????????? | | ???????????????????????????????????? | | | | | +----------------------------------------------------+ Best States ------------- Heat Dissipation 51 Coolant Potential 65 Energy Generation 21 Energy Capacity 350 Matter Stores 300 Matter Capacity 300 Sight Range 16 Terrain Scan Density 10 Armor Coverage 225 Resistance: KI 20 Weapon Cycling 20 Evasion (%) 50 Target Analysis 5 Core Analysis 6 Recoil Reduction 4 Item Schematics ----------------- None Robot Schematics ------------------ None Fabricated ------------ Nothing Repaired ---------- Nothing Studied --------- Lgt. Assault Rifle | -8/Materials | Hacked Hvy. Assault Rifle | -8/Materials | Hacked Rocket Launcher | -8/Materials | Hacked Alien Tech Used ----------------- None Achievements -------------- None Challenges ------------ None Game ------ Seed StormSingularitySuite Manual? 0 Play Time 00:56:25 Cumulative 74.5 hours Start 2026.07.10 @ 02:08:09 End 2026.07.10 @ 03:01:48 Sessions 1 Manual Loads 0 Difficulty Rogue Special Mode None Game No. 88 Rogue 34 Adventurer 54 Explorer 0 Win Type - Total 1 Types 1/0/0/0/0/0/0/0/0/0 Lore% 32 Gallery% 42 Achievement% 39 Wizard Run 0 Options --------- Layout 1 ASCII 0 Keyboard 0 Movement Mouse Keybinds 1 Fullscreen 1 Font 32/Tamsyn Map View 50x35 Zoom Use 0% Tactical HUD 1 Map Filters NONE Filters NONE Steam 1 RUN: d5700769-c67b-4886-9260-a12b8e455a23